 Dungeon Crawl Stone Soup version 0.23-a0-516-g0f8c245 (webtiles) character file.

709 galech the Chopper (level 7, -1/54 HPs)
             Began as a Demonspawn Fighter on Dec 5, 2018.
             Was an Initiate of Okawaru.
             Slain by a worker ant (2 damage)
             ... on level 4 of the Dungeon.
             The game lasted 00:05:00 (3957 turns).

galech the Chopper (Demonspawn Fighter)             Turns: 3957, Time: 00:05:00

Health: -1/54      AC: 13    Str: 17    XL:     7   Next: 40%
Magic:  7/7        EV:  4    Int:  9    God:    Okawaru [......]
Gold:   257        SH:  9    Dex: 14    Spells: 6/6 levels left

rFire    . . .     SeeInvis .   a - +0 war axe
rCold    + . .     Gourm    .   c - +0 shield
rNeg     . . .     Faith    .   g - +0 plate armour (curse)
rPois    .         Spirit   .   (no helmet)
rElec    .         Reflect  .   (no cloak)
rCorr    .         Harm     .   o - +0 pair of gloves
MR       .....                  (no boots)
Stlth    ..........             (no amulet)
HPRegen  0.18/turn              d - ring of stealth
MPRegen  0.10/turn              (no ring)

@: no status effects
A: hooves 1, cold resistance 1, sturdy frame 1
a: Renounce Religion


You were on level 4 of the Dungeon.
You worshipped Okawaru.
Okawaru was noncommittal.
You were not hungry.

You visited 2 branches of the dungeon, and saw 5 of its levels.

You collected 257 gold pieces.

Inventory:

Hand Weapons
 a - a +0 war axe (weapon)
 w - a +1 scythe of flaming
Armour
 b - a +0 scale mail
 c - a +0 shield (worn)
 g - a cursed +0 plate armour (worn)
 o - a +0 pair of gloves (worn)
 x - a +2 robe of cold resistance
Jewellery
 d - a ring of stealth (left hand)
Wands
 y - a wand of flame (7)
 A - a wand of polymorph (9)
Scrolls
 e - 3 scrolls of enchant armour {unknown}
 h - a scroll of magic mapping {unknown}
 i - 4 scrolls of identify {unknown}
 j - 2 scrolls of random uselessness {unknown}
 l - 5 scrolls of remove curse {unknown}
 m - 2 scrolls of fear {unknown}
 r - a scroll of teleportation {unknown}
 s - a scroll of blinking {unknown}
 t - a scroll of fog {unknown}
 v - a scroll of enchant weapon {unknown}
Potions
 k - 2 potions of brilliance {unknown}
 n - 2 potions of flight
 q - a potion of agility {unknown}
 u - a potion of magic {unknown}
 B - a potion of curing {unknown}
 C - a potion of mutation {unknown}
Comestibles
 f - 9 rations
 z - 3 chunks of flesh


   Skills:
 + Level 4.3 Fighting
 + Level 5.2 Axes
 + Level 4.3 Armour
 + Level 1.3 Dodging
 + Level 0.1 Stealth
 + Level 3.9 Shields


You had 6 spell levels left.
You didn't know any spells.
Your spell library contained the following spells:

 Spells                   Type           Power        Failure   Level  Hunger
 Animate Skeleton         Necr           N/A          100%        1    ##.....
 Pain                     Necr           #...         100%        1    ##.....
 Regeneration             Chrm/Necr      #.........   100%        3    ####...
 Vampiric Draining        Necr           #.........   100%        3    ####...
 Animate Dead             Necr           N/A          100%        4    #####..


Dungeon Overview and Level Annotations

Branches:
Dungeon (4/15)             Temple (1/1) D:4

Altars:
Cheibriados
Hepliaklqana
Okawaru
Uskayaw
The Shining One


Innate Abilities, Weirdness & Mutations

You have large cloven feet.
Your flesh is cold resistant. (rC+)
Your movements are slightly less encumbered by armour. (ER -2)


Message History

There isn't anything to butcher here.
Things that are here:
a +3 dire flail; a +0 plate armour
Items here: % ) [ รท a +0 dagger; a +0 robe; 4 chunks of flesh; an orc skeleton You see here 2 tomahawks.
The worker ant bites you.
* * * LOW HITPOINT WARNING * * *
The orc throws a tomahawk.
The tomahawk hits you but does no damage.
You see here a tomahawk.
You hit the worker ant. Your kick misses the worker ant.
The worker ant is heavily wounded.
The worker ant bites you.
* * * LOW HITPOINT WARNING * * *
The worker ant bites you but does no damage.
You hit the worker ant but do no damage.
The worker ant is heavily wounded.
You completely miss the orc. The worker ant bites you.
You die...

. ................>...####...
.. ..........................
....=.........................
.....#........................
.............###....##........
....................##......##
..... #............##......#
......##)...o.......####....##
........)(.(a@................
........###...................
........# #.......<.......##..
........# #.........########..
#.......# #.........# ###
#.......# ######....#
#.......# ###### #.......#


You could see a worker ant and an orc.

Vanquished Creatures
  Sigmund (D:3)
  An orc warrior (D:4)
  An ogre (D:4)
  A gnoll shaman (D:4)
  Jessica (D:3)
  2 worker ants (D:4)
  Terence (D:2)
  2 orc wizards
  3 adders
  4 gnolls
  A howler monkey skeleton (D:3)
  2 oozes
  A worm (D:4)
  7 leopard geckos
  18 orcs
  3 ball pythons
  4 bats
  2 giant cockroaches (D:1)
  12 goblins
  3 hobgoblins
  2 jackals (D:3)
  5 quokkas
  15 frilled lizards
  5 kobolds
  7 rats
104 creatures vanquished.

Notes
Turn   | Place    | Note
-------+----------+-------------------------------------------
     0 | D:1      | galech the Demonspawn Fighter began the quest for the Orb.
     0 | D:1      | Reached XP level 1. HP: 18/18 MP: 1/1
   124 | D:1      | Gained mutation: Your flesh is cold resistant. (rC+)
                  | [demonic ancestry]
   124 | D:1      | Reached XP level 2. HP: 11/24 MP: 2/2
   653 | D:1      | Reached skill level 2 in Axes
  1123 | D:2      | Gained mutation: Your movements are slightly less
                  | encumbered by armour. (ER -2) [demonic ancestry]
  1123 | D:2      | Reached XP level 3. HP: 25/29 MP: 3/3
  1457 | D:2      | Found a hide-covered altar of Uskayaw.
  1639 | D:2      | Found a hazy altar of Hepliaklqana.
  1989 | D:3      | Reached XP level 4. HP: 35/35 MP: 4/4
  2002 | D:3      | Noticed Terence
  2230 | D:2      | Killed Terence
  2276 | D:3      | Reached skill level 3 in Axes
  2276 | D:3      | Reached XP level 5. HP: 16/41 MP: 5/5
  2483 | D:3      | Noticed Sigmund
  2794 | D:3      | Killed Sigmund
  2794 | D:3      | Reached skill level 4 in Axes
  2794 | D:3      | Reached skill level 1 in Dodging
  2794 | D:3      | Gained mutation: You have large cloven feet. [demonic
                  | ancestry]
  2794 | D:3      | Reached XP level 6. HP: 10/48 MP: 6/6
  3183 | D:3      | Noticed Jessica
  3187 | D:3      | Killed Jessica
  3506 | D:4      | Found a staircase to the Ecumenical Temple.
  3700 | D:4      | Reached XP level 7. HP: 38/54 MP: 7/7
  3801 | Temple   | Entered the Ecumenical Temple
  3852 | Temple   | Became a worshipper of Warmaster Okawaru
  3940 | D:4      | Reached skill level 5 in Axes
  3956 | D:4      | HP: 1/54 [worker ant (4)]
  3957 | D:4      | Slain by a worker ant

Vault maps used:
D:1:      dpeg_arrival_pond, minmay_lizard_pond
D:2:      minmay_wonky_spiral, lemuel_coloured_pillars_altar, marbit_many_paths
D:3:      first_ration, minmay_goblin_kobold_house, uniq_terence, uniq_sigmund,
          uniq_jessica
D:4:      minmay_temple_entry_large_hall
Temple:   nicolae_temple_figure_eight

Skill      XL: |  1  2  3  4  5  6  7 |
---------------+----------------------+-----
Shields        | 3 |  3.9
Axes           | 2 3 4 5 |  5.2
Armour         | 3 4 |  4.3
Dodging        | 1 |  1.3
Fighting       | 4 |  4.3
Stealth        | |  0.1

Action                   |  1- 3 |  4- 6 |  7- 9 || total
-------------------------+-------+-------+-------++-------
Melee: War axe           |   203 |   173 |    24 ||   400
       Kick              |       |    16 |     4 ||    20
  Use: Potion            |     2 |     2 |     1 ||     5
  Eat: Chunk             |     4 |     6 |     1 ||    11
Armor: Scale mail        |    58 |       |       ||    58
       Plate armour      |    81 |   145 |    14 ||   240
Dodge: Dodged            |    49 |    47 |     5 ||   101
Block: Shield            |    97 |    95 |    14 ||   206

Table legend:
 A = Non-vault XP
 B = Vault XP
 C = Vault XP percentage of total XP
 D = Non-vault monster count
 E = Vault monster count
 F = Vault count percentage of total count
                 A         B        C        D         E       F
            +---------+---------+-------+---------+---------+-------
      Total |     688 |     326 |  32.1 |      86 |      18 |  17.3
            +---------+---------+-------+---------+---------+-------
        D:1 |      30 |       7 |  18.9 |      20 |       7 |  25.9
        D:2 |      48 |      50 |  51.0 |      16 |       6 |  27.3
        D:3 |     149 |     269 |  64.4 |      31 |       5 |  13.9
        D:4 |     461 |       0 |   0.0 |      19 |       0 |   0.0
            +---------+---------+-------+---------+---------+-------
